 Dungeon Crawl Stone Soup version 0.30-a0-782-ge64f9170bb (webtiles) character file.

Game seed: 2786085279154660812

94359 Crownlay the Brawler (level 15, -4/154 HPs)
             Began as a Troll Fighter on Feb 27, 2023.
             Was a High Priest of Wu Jian.
             Splashed by a brown ugly thing's acid (8 damage)
             ... on level 14 of the Dungeon on Feb 28, 2023.
             The game lasted 00:41:44 (17015 turns).

Crownlay the Brawler (Troll Fighter)               Turns: 17015, Time: 00:41:45

Health: -4/154     AC: -6    Str: 32    XL:     15   Next: 63%
Magic:  14/14      EV: 15    Int:  6    God:    Wu Jian [*****.]
Gold:   1705       SH: 16    Dex:  9    Spells: 14/14 levels left

rFire   . . .      SeeInvis .      - Unarmed
rCold   . . .      Faith    .    b - +0 kite shield
rNeg    + + +      Spirit   .    N - +0 troll leather armour
rPois   .          Reflect  +    (helmet restricted)
rElec   .          Harm     .    v - scarf {repulsion}
rCorr   .          Rampage  .    (gloves unavailable)
Will    +....                    (boots unavailable)
Stlth   +                        u - amulet "Zipnuh" {Reflect rC- rN+++ Regen+ Slay+3 SH+5}
HPRegen 2.85/turn                W - +4 ring of slaying
MPRegen 0.14/turn                K - ring of protection from cold

@: corroded, in a heavenly storm, glowing, repel missiles
A: large, unfitting armour, claws 3, regeneration 1, shaggy fur 1, tough skin 1
a: Renounce Religion, Wall Jump, Serpent's Lash, Heavenly Storm


You were on level 14 of the Dungeon.
You worshipped Wu Jian.
Wu Jian was extremely pleased with you.
You visited 4 branches of the dungeon, and saw 22 of its levels.
You also visited: Ossuary.

You collected 2009 gold pieces.
You spent 304 gold pieces at shops.

Inventory:

Hand Weapons
 T - the +10 demon trident of the Majestic God {heavy, Str+3}
   (You found it on level 5 of the Lair of Beasts)

   Str:       It affects your strength (+3).
Armour
 b - a +0 kite shield (worn)
 g - a +0 robe of cold resistance
 v - a scarf of repulsion (worn)
 H - a +2 robe of willpower
 N - a +0 troll leather armour (worn)
 U - a +1 robe of fire resistance
Jewellery
 l - a ring of protection from fire
 q - a ring of resist corrosion
 u - the amulet "Zipnuh" (around neck) {Reflect rC- rN+++ Regen+ Slay+3 SH+5}
   (You acquired it on level 1 of the Dungeon)

   [amulet of reflection]

   It reflects blocked missile attacks.
   Slay:      It affects your accuracy & damage with ranged weapons and melee
   (+3).
   rC:        It makes you vulnerable to cold.
   rN:        It renders you almost immune to negative energy.
   Regen:     It increases your rate of health regeneration.
   SH:        It affects your SH (+5).
 K - a ring of protection from cold (right claw)
 R - a ring of protection from fire
 V - a ring of willpower
 W - a +4 ring of slaying (left claw)
Wands
 F - a wand of charming (4)
 J - a wand of flame (15)
 Q - a wand of iceblast (17)
 S - a wand of quicksilver (3)
Scrolls
 c - 4 scrolls of poison
 f - 9 scrolls of teleportation
 h - 3 scrolls of amnesia
 i - 9 scrolls of enchant armour
 j - 5 scrolls of immolation
 k - 3 scrolls of noise
 m - a scroll of torment
 n - 5 scrolls of blinking
 o - 2 scrolls of fear
 p - 6 scrolls of fog
 r - a scroll of brand weapon {unknown}
 s - 4 scrolls of magic mapping
 w - 3 scrolls of enchant weapon
 E - a scroll of silence {unknown}
 G - 2 scrolls of vulnerability {unknown}
 I - a scroll of butterflies {unknown}
Potions
 a - 3 potions of magic
 d - a potion of resistance
 e - 5 potions of berserk rage
 t - 7 potions of cancellation
 x - 4 potions of mutation
 z - 3 potions of brilliance
 A - 9 potions of lignification
 B - 5 potions of might
 C - a potion of invisibility
 D - 8 potions of curing
 M - 3 potions of flight
 O - 2 potions of haste


   Skills:
 + Level 11.6 Fighting
 - Level 9.9 Dodging
 + Level 12.5 Shields
 * Level 18.5 Unarmed Combat


You had 14 spell levels left.
You didn't know any spells.
Your spell library contained the following spells:

 Spells                   Type           Power      Damage    Failure   Level
 Blink                    Tloc           0%         N/A       82%         2
 Ensorcelled Hibernation  Hex/Ice        0%         N/A       82%         2
 Lesser Beckoning         Tloc           0%         N/A       82%         2
 Momentum Strike          Conj/Tloc      0%         3d8       82%         2
 Hailstorm                Conj/Ice       0%         3d3       96%         3
 Inner Flame              Hex/Fire       0%         N/A       96%         3
 Ozocubu's Armour         Ice            0%         N/A       96%         3
 Portal Projectile        Hex/Tloc       0%         N/A       96%         3
 Spider Form              Tmut/Pois      0%         N/A       96%         3
 Stone Arrow              Conj/Erth      0%         3d7       96%         3
 Tukima's Dance           Hex            0%         N/A       96%         3
 Anguish                  Hex/Necr       0%         N/A       100%        4
 Animate Armour           Summ/Erth      0%         N/A       100%        4
 Cause Fear               Hex            0%         N/A       100%        4
 Ice Form                 Ice/Tmut       0%         N/A       100%        4
 Alistair's Intoxication  Tmut/Pois      0%         N/A       100%        5
 Blade Hands              Tmut           0%         N/A       100%        5
 Borgnjor's Vile Clutch   Necr/Erth      0%         N/A       100%        5
 Dispersal                Tloc           0%         N/A       100%        6
 Eringya's Noxious Bog    Tmut/Pois      0%         N/A       100%        6
 Simulacrum               Ice/Necr       0%         N/A       100%        6
 Ozocubu's Refrigeration  Ice            0%         4d7       100%        7
 Lehudib's Crystal Spear  Conj/Erth      0%         10d2      100%        8


Dungeon Overview and Level Annotations

Branches:
Dungeon (14/15)            Temple (1/1) D:6            Lair (5/5) D:9
 Shoals (0/4) Lair:2       Spider (0/4) Lair:2        Slime (0/5) Lair:5
    Orc (2/2) D:12            Elf (0/3) Orc:2        Vaults (0/5) D:13
Ossuary (visited)

Altars:
Ashenzari
Fedhas
Makhleb
Nemelex Xobeh
Qazlal
Trog
Wu Jian
Xom
Zin
The Shining One
Jiyva

Shops:
D:1 ?[=(*   D:5 [   D:6 (*   D:11 !   Orc:2 =[(=(

Portals:
Trove: D:13 (give +3 ice dragon scales)

Annotations:
D:11 2 transporters, Xenydo's ghost, journeyman DsGl
Lair:2 2 transporters, dunno567's ghost, journeyman DrWr


Innate Abilities, Weirdness & Mutations

You are too large for most types of armour.
You have claws for hands.
Your natural rate of healing is unusually fast.
You are covered in fur. (AC +1)
You have tough skin. (AC +1)


Message History

* * * LOW HITPOINT WARNING * * *
The centaur barely misses you. The centaur closely misses you.
The centaur hits you.
* * * LOW HITPOINT WARNING * * *
The centaur closely misses you.
You block the brown ugly thing's attack.
You block the gargoyle's attack. The brown ugly thing headbutts you.
* * * LOW HITPOINT WARNING * * *
You are splashed with acid!
* * * LOW HITPOINT WARNING * * *
You are too injured to fight recklessly!
You mangle the gargoyle!!
You destroy the gargoyle!
The Council accepts your kill. The centaur hits you.
* * * LOW HITPOINT WARNING * * *
You block the centaur's attack.
The brown ugly thing basks in the mutagenic energy from its kin and changes!
You eviscerate the centaur warrior!!!
You kill the centaur warrior!
The Council accepts your kill.
You block the brown ugly thing's attack.
The brown ugly thing completely misses you.
The centaur wields a +0 shortbow.
The centaur shoots an arrow.
The arrow hits you!
* * * LOW HITPOINT WARNING * * *
The centaur hits you.
* * * LOW HITPOINT WARNING * * *
You block the centaur's attack.
Okay, then.
Okay, then.
You feel better. The centaur hits you.
* * * LOW HITPOINT WARNING * * *
You block the centaur's attack.
The centaur shoots an arrow.
You reflect the arrow off an invisible shield around you!
The arrow closely misses the brown ugly thing.
The arrow hits the centaur!
The brown ugly thing trunk-slaps you!
* * * LOW HITPOINT WARNING * * *
The acid corrodes you!
You are splashed with acid!
You die...

# ............. ### .
##..........##. ..#
#.#.............. .##
#.............# .#
#...........#. .##
#####........... #.#
####.#...☼§§§§.=#
..####.#......§§§u§..#
....##.....>..§§@c☼..#
...#..........§§§uu..#
..##..#.......§§§c§.....
...............##...##..
......=........# ..... .
.................#....#
.............)...#....#
.......................
.................


You could see 3 ugly things and 2 centaurs.

Vanquished Creatures
  Jorgrun (D:13)
  Azrael (D:13)
  An ettin (Orc:2)
  A yaktaur captain (D:12)
  5 ogre magi
  2 hydras
  Erolcha (D:11)
  6 centaur warriors
  4 catoblepae (Lair:5)
  18 two-headed ogres
  Erica (D:11)
  A death knight (D:12)
  15 death yaks
  Urug (D:11)
  Sonja (D:13)
  A skeletal warrior (D:13)
  2 skysharks (Lair:3)
  2 lindwurms (Lair:3)
  2 orc knights
  An orc sorcerer (Orc:1)
  2 deep elf zephyrmancers (D:12)
  5 manticores
  An ugly thing (D:13)
  5 cyclopes
  A wolf spider (D:11)
  2 black mambas (Lair:4)
  Joseph (Lair:1)
  23 elephants
  A water nymph (Lair:2)
  An eye of devastation (Lair:4)
  An unseen horror (D:13)
  Maggie (D:8)
  3 gargoyles
  13 cane toads
  3 yaktaurs (D:13)
  2 rime drakes
  A kobold demonologist (D:9)
  4 centaur skeletons (D:13)
  5 komodo dragons
  6 trolls
  20 blink frogs
  2 hornets
  Sigmund (D:6)
  3 slime creatures (D:13)
  A shadow (D:9)
  47 yaks
  3 wyverns
  5 fire elementals (D:13)
  4 vampire mosquitoes
  2 basilisks
  2 redbacks (Lair:2)
  3 wargs (Orc:2)
  2 acid dragons
  A floating eye (Lair:4)
  Duvessa (D:7)
  22 water moccasins
  3 hell hounds (D:13)
  25 orc warriors
  3 ice beasts (D:7)
  A sky beast (D:7)
  A black bear (D:7)
  32 ogres
  10 wolves
  2 boggarts
  16 centaurs
  A phantom (D:5)
  4 elf zombies (Ossuary)
  4 kobold brigands
  20 bullfrogs
  2 gnoll sergeants
  4 scorpions
  2 necrophages
  23 wights
  Dowan (D:7)
  3 killer bees (D:7)
  An electric eel (Lair:5)
  4 howler monkeys
  3 centaur zombies (Ossuary)
  5 human zombies (Ossuary)
  3 hounds (D:6)
  16 orc priests
  A gnoll bouda (Orc:1)
  5 jellies
  An iguana (D:4)
  18 orc wizards
  11 hell rats (Lair:5)
  The ghost of GingeriousPrime the Trooper, a weakling HOFi (D:3)
  3 mummies (Ossuary)
  4 adders
  11 gnolls
  2 white imps
  A worm (D:2)
  A dart slug (D:5)
  65 orcs
  6 endoplasms
  6 giant cockroaches
  9 goblins
  2 hobgoblins
  8 jackals
  A quokka (D:1)
  8 ball pythons
  8 bats
  2 frilled lizards (D:1)
  14 kobolds
  8 rats
652 creatures vanquished.

Vanquished Creatures (others)
  A two-headed ogre (Orc:1)
  An ogre (Orc:2)
  A gnoll (D:12)
  A kobold (D:8)
  15 fungi
  48 plants
67 creatures vanquished.

Grand Total: 719 creatures vanquished

Notes
Turn   | Place    | Note
-------+----------+-------------------------------------------
     0 | D:1      | Crownlay the Troll Fighter began the quest for the Orb.
     0 | D:1      | Reached XP level 1. HP: 22/22 MP: 0/0
    15 | D:1      | Found Foycluir's Assorted Antiques.
    75 | D:1      | Reached XP level 2. HP: 29/29 MP: 1/1
    75 | D:1      | Found Sogithent's Jewellery Emporium.
    79 | D:1      | Found Goll's Antique Armour Boutique.
    80 | D:1      | Found Ocyarocs's Antique Weapon Boutique.
   428 | D:1      | Reached skill level 3 in Unarmed Combat
   428 | D:1      | Reached XP level 3. HP: 35/36 MP: 2/2
   480 | D:1      | Found a faded altar of an unknown god.
   497 | D:1      | Found Haymmaeso's Magic Scroll Boutique.
   513 | D:1      | Bought a scroll of noise for 11 gold pieces
   513 | D:1      | Bought a scroll of teleportation for 33 gold pieces
   866 | D:2      | Found a shimmering altar of Xom.
  1058 | D:2      | Reached XP level 4. HP: 39/44 MP: 3/3
  1133 | D:2      | Identified the +2 robe of Sif Muna's Castigation {Slay+3}
  1253 | D:3      | Noticed GingeriousPrime's ghost (weakling HOFi)
  1253 | D:3      | Found a runed translucent gate.
  1253 | D:3      | Found a runed translucent gate.
  1253 | D:3      | Found a runed translucent gate.
  1270 | D:3      | Identified the +7 sling "Zitoumoi" {heavy, Int+2}
  2185 | D:4      | Reached skill level 4 in Unarmed Combat
  2185 | D:4      | Reached XP level 5. HP: 9/53 MP: 4/4
  2196 | D:4      | HP: 1/52 [wight/+0 falchion (10)]
  2388 | D:4      | Reached XP level 6. HP: 45/61 MP: 5/5
  2524 | D:4      | Reached skill level 5 in Unarmed Combat
  2583 | D:5      | Entered Level 5 of the Dungeon
  2712 | D:5      | Reached XP level 7. HP: 68/68 MP: 6/6
  2732 | D:5      | Found Reasymep's Armour Boutique.
  2834 | D:5      | Reached skill level 6 in Unarmed Combat
  3285 | D:1      | Bought a scroll labelled TAON WYBAN for 18 gold pieces
  3285 | D:1      | Bought a scroll labelled JUMOFE SABE for 18 gold pieces
  3285 | D:1      | Bought 2 glowing green potions for 32 gold pieces
  3362 | D:3      | Killed GingeriousPrime's ghost
  3521 | D:6      | Reached skill level 5 in Shields
  3527 | D:6      | Found a sand-covered staircase.
  3538 | Ossuary  | Entered an ossuary
  3580 | Ossuary  | Reached XP level 8. HP: 67/79 MP: 7/7
  3586 | Ossuary  | Reached skill level 7 in Unarmed Combat
  3736 | Ossuary  | Reached skill level 5 in Fighting
  3791 | D:6      | Found a staircase to the Ecumenical Temple.
  3801 | Temple   | Entered the Ecumenical Temple
  3931 | Temple   | Became a worshipper of the Wu Jian Council
  3999 | D:6      | Found Vofuuso Vomo's Weapon Shop.
  4005 | D:6      | Noticed Sigmund
  4016 | D:6      | Killed Sigmund
  4017 | D:6      | Reached skill level 8 in Unarmed Combat
  4290 | D:6      | Found Zin's Purification Station.
  4293 | D:6      | Found a glowing silver altar of Zin.
  4304 | D:6      | Found a burning altar of Makhleb.
  4576 | D:7      | Reached XP level 9. HP: 88/88 MP: 8/8
  4816 | D:7      | Noticed Dowan
  4817 | D:7      | Noticed Duvessa
  4847 | D:7      | Killed Dowan
  4928 | D:7      | Reached skill level 9 in Unarmed Combat
  5050 | D:7      | Reached * piety under Wu Jian
  5386 | D:8      | Noticed Maggie
  5393 | D:8      | Killed Maggie
  5394 | D:8      | Reached skill level 10 in Unarmed Combat
  5395 | D:8      | Reached XP level 10. HP: 74/98 MP: 9/9
  5464 | D:8      | HP: 3/99 [orc warrior/+0 long sword (15)]
  5729 | D:1      | Bought a scroll of poison for 44 gold pieces
  5729 | D:1      | Bought a scroll of identify for 22 gold pieces
  5729 | D:1      | Bought a scroll of identify for 22 gold pieces
  5729 | D:1      | Bought a scroll of enchant armour for 82 gold pieces
  5729 | D:1      | Bought a scroll of identify for 22 gold pieces
  5736 | D:1      | Identified a scroll of acquirement
  5737 | D:1      | Acquired the amulet "Zipnuh" {Reflect rC- rN+++ Regen+
                  | Slay+3 SH+5}
  6117 | D:7      | Killed Duvessa
  6315 | D:8      | Reached ** piety under Wu Jian
  6537 | D:8      | Got the Vellum of Charming Angles
  6685 | D:9      | Noticed an orange demon
  6737 | D:9      | Found a staircase to the Lair.
  6903 | D:9      | Noticed a lindwurm
  7049 | D:9      | Noticed a lindwurm
  7049 | D:9      | Noticed a lindwurm
  7207 | D:9      | Reached skill level 11 in Unarmed Combat
  7338 | D:9      | Noticed a lindwurm
  7398 | D:10     | Entered Level 10 of the Dungeon
  7429 | D:10     | Reached *** piety under Wu Jian
  7442 | D:10     | Reached skill level 5 in Dodging
  7565 | D:10     | Reached XP level 11. HP: 109/109 MP: 10/10
  7996 | D:11     | Reached skill level 12 in Unarmed Combat
  8119 | D:11     | Paralysed by a hornet for 1 turns
  8122 | D:11     | Paralysed by a hornet for 2 turns
  8176 | D:11     | Found Rifeyr Mait's Distillery.
  8261 | D:11     | Noticed Erica
  8276 | D:11     | Killed Erica
  8276 | D:11     | Reached **** piety under Wu Jian
  8325 | D:11     | Found a transporter.
  8339 | D:11     | Noticed Xenydo's ghost (journeyman DsGl)
  8340 | D:11     | Noticed a two-headed ogre
  8340 | D:11     | Noticed a two-headed ogre
  8341 | D:11     | Found a transporter.
  8342 | D:11     | Noticed a two-headed ogre
  8430 | D:11     | Noticed Erolcha
  8438 | D:11     | Killed Erolcha
  8504 | D:11     | Noticed Urug
  8520 | D:11     | Killed Urug
  8683 | D:12     | Noticed a two-headed ogre
  8700 | D:11     | Killed a two-headed ogre
  8727 | D:12     | Noticed a wolf spider
  8729 | D:12     | Reached skill level 13 in Unarmed Combat
  8741 | D:11     | Killed a wolf spider
  8796 | D:12     | Noticed a deep elf zephyrmancer
  8883 | D:12     | Found a staircase to the Orcish Mines.
  8948 | D:12     | Reached XP level 12. HP: 120/120 MP: 11/11
  9330 | D:12     | Noticed a yaktaur captain
  9339 | D:12     | Killed a yaktaur captain
  9351 | D:12     | Noticed a death knight
  9355 | D:12     | Noticed a centaur warrior
  9359 | D:12     | Noticed an ogre mage
  9365 | D:12     | Killed an ogre mage
  9371 | D:12     | Killed a centaur warrior
  9397 | D:12     | Killed a death knight
  9637 | Lair:1   | Entered Level 1 of the Lair of Beasts
  9735 | Lair:1   | Reached skill level 14 in Unarmed Combat
  9841 | Lair:1   | Found a sparkling altar of Nemelex Xobeh.
 10172 | Lair:1   | Noticed Joseph
 10180 | Lair:1   | Killed Joseph
 10465 | Lair:2   | Found a staircase to the Shoals.
 10478 | Lair:2   | Reached ***** piety under Wu Jian
 10577 | Lair:2   | Noticed a five-headed hydra
 10595 | Lair:2   | Killed a 12-headed hydra
 10596 | Lair:2   | Reached skill level 10 in Shields
 10596 | Lair:2   | Reached XP level 13. HP: 22/131 MP: 12/12
 10648 | Lair:2   | Found a transporter.
 10650 | Lair:2   | Found a transporter.
 10652 | Lair:2   | Noticed dunno567's ghost (journeyman DrWr)
 10897 | Lair:2   | Found a hole to the Spider Nest.
 11424 | Lair:3   | Reached skill level 15 in Unarmed Combat
 12641 | Lair:4   | Reached skill level 10 in Fighting
 13121 | Lair:4   | Reached skill level 16 in Unarmed Combat
 13203 | Lair:5   | Entered Level 5 of the Lair of Beasts
 13210 | Lair:5   | Paralysed by a floating eye for 4 turns
 13216 | Lair:5   | Paralysed by a floating eye for 3 turns
 13226 | Lair:4   | Paralysed by a floating eye for 4 turns
 13232 | Lair:4   | Reached XP level 14. HP: 98/143 MP: 13/13
 13280 | Lair:5   | Found a viscous altar of Jiyva.
 13564 | Lair:5   | Reached ****** piety under Wu Jian
 13877 | Lair:5   | Found a staircase to the Slime Pits.
 14361 | Lair:5   | Identified the +10 demon trident of the Majestic God
                  | {heavy, Str+3}
 14583 | Orc:1    | Entered Level 1 of the Orcish Mines
 14777 | Orc:2    | Entered Level 2 of the Orcish Mines
 14820 | Orc:2    | Reached skill level 17 in Unarmed Combat
 14877 | Orc:2    | Found a staircase to the Elven Halls.
 15179 | Orc:2    | Reached XP level 15. HP: 152/152 MP: 14/14
 15337 | Orc:2    | Found Paotter's Antique Weapon Boutique.
 15417 | Orc:2    | Found Nein Jal's Weapon Boutique.
 15417 | Orc:2    | Found Ureoxui's Jewellery Shoppe.
 15418 | Orc:2    | Found Nuirph's Jewellery Emporium.
 15418 | Orc:2    | Found Laileytekk's Armour Boutique.
 15972 | D:13     | Noticed Jorgrun
 15989 | D:13     | Killed Jorgrun
 15990 | D:13     | Reached skill level 18 in Unarmed Combat
 16021 | D:13     | Found a gate to the Vaults.
 16072 | D:13     | Found a transporter.
 16080 | D:13     | Noticed Sonja
 16083 | D:13     | Killed Sonja
 16127 | D:13     | Found a portal to a secret trove of treasure.
 16264 | D:13     | Found a transporter.
 16276 | D:13     | Noticed Azrael
 16295 | D:13     | Found a transporter.
 16305 | D:13     | Killed Azrael
 16739 | D:13     | Found a transporter.
 17014 | D:14     | HP: 7/154 [centaur/arrow[a centaur warrior] (16)]
 17015 | D:14     | Splashed by a brown ugly thing's acid

Illustrated notes

Levels and vault maps discovered:
D:1:      dpeg_arrival_leaves_temple_mockup, layout_rooms, serial_glass,
          glass_columns_c, glass_columns_a, minmay_strange_pillars,
          due_unseen_surprise, feat_on_display, item_on_display_a,
          hellmonk_ecumenical_altar_zigzags, serial_shops, shop,
          nicolae_square_shop, nicolae_shop_statue_plus,
          nicolae_shop_advertising_works [nicolae_subvault_shop_adworks],
          nicolae_square_shop, serial_bayou_ford_a
D:2:      layout_rooms, basic_altar
D:3:      layout_basic, gammafunk_ghost_split
D:4:      layout_rooms
D:5:      layout_loops_cross, serial_shops, nicolae_diamond_shop
D:6:      layout_basic, zin_purify, mainiacjoe_overflow_alcove_1,
          minmay_temple_entry_statues_fountains, enter_ossuary_1, serial_shops,
          nicolae_shop_bloodbath_and_beyond, uniq_sigmund
D:7:      minmay_angry_zag, layout_cave_pods, minmay_misc_feat_tiny,
          uniq_duvessa
D:8:      layout_basic, uniq_maggie
D:9:      layout_basic, lair_entry_dummy, minmay_lindwurm_lava
D:10:     layout_rooms
D:11:     layout_irregular_city, gammafunk_ghost_smash, serial_shops,
          nicolae_shop_waterfront, uniq_erica, uniq_erolcha, uniq_urug
D:12:     layout_small_grid, orc_0_dummy, minmay_evil_grid
D:13:     layout_roguey [special_room_orc],
          hangedman_vaults_entry_quadrant_bands, nicolae_trove_entry_crystal,
          nicolae_transporter_intersection, uniq_sonja, uniq_azrael,
          uniq_jorgrun
D:14:     layout_cave_pools, kennysheep_generic_room_4
Temple:   mainiacjoe_temple_big_plus
Lair:1:   layout_loops_ring, basic_altar, uniq_joseph
Lair:2:   layout_cave_shapes, nicolae_shoals_entry_flooding,
          spider_nest_entry_webs, gammafunk_ghost_hive, beast_lair_carwin_4
Lair:3:   layout_cave_pods, nicolae_lair_lindhole
Lair:4:   layout_hall_layers, grunt_megastairs_1
Lair:5:   evilmike_catoblepas_cave, layout_regular_city,
          minmay_slime_entry_eyes, serial_bayou_lake_a
Orc:1:    layout_caves, basic_altar, mines1_david
Orc:2:    st_orc_ogre_mass, layout_caves, serial_shops,
          nicolae_shop_behind_doors

Skill      XL: |  1  2  3  4  5  6  7  8  9 10 11 12 13 14 15 |
---------------+----------------------------------------------+-----
Shields        | 3 4 5 6 7 9 10 11 12 | 12.5
Unarmed Combat | 3 4 5 6 8 10 11 13 14 16 17 18 | 18.5
Fighting       | 3 4 5 6 7 8 9 10 11 | 11.6
Dodging        | 3 5 6 7 8 9 |  9.9

Action                     |  1- 3 |  4- 6 |  7- 9 | 10-12 | 13-15 || total
---------------------------+-------+-------+-------+-------+-------++-------
  Melee: Unarmed           |    99 |   109 |   304 |   484 |  1049 ||  2045
 Invoke: Serpent's Lash    |       |       |       |     1 |     1 ||     2
         Heavenly Storm    |       |       |       |       |     2 ||     2
Ability: Lunge             |       |       |     7 |    43 |    56 ||   106
         Whirlwind         |       |       |     1 |       |    18 ||    19
         Wall Jump         |       |       |       |       |     1 ||     1
  Evoke: Wand              |       |       |       |     1 |     6 ||     7
    Use: Potion            |       |     2 |     1 |     7 |     1 ||    11
         Scroll            |       |       |     1 |    17 |     3 ||    21
   Stab: Sleeping          |       |     2 |       |       |       ||     2
         Petrified         |       |       |       |       |     5 ||     5
 Armour: Robe              |    41 |    19 |    56 |    22 |       ||   138
         Troll leather arm |       |       |       |    42 |   181 ||   223
  Dodge: Dodged            |    36 |    21 |    82 |   125 |   302 ||   566
         Repelled          |       |       |     2 |     8 |     8 ||    18
  Block: Kite shield       |    40 |    39 |   118 |   297 |   653 ||  1147
         Reflection        |       |       |       |    26 |    35 ||    61

Table legend: (Time is in decaauts)
 A = Elapsed time spent in this place.
 B = Non-inter-level travel time spent in this place.
 C = Inter-level travel time spent in this place.
 D = Time resting spent in this place.
 E = Time spent auto-exploring this place.
 F = Levels seen in this place.
 G = Mean time per level.
                   A        B        C        D        E       F      G
               +--------+--------+--------+--------+--------+-----+--------+
         Total |  16816 |  15415 |   1401 |     43 |  11508 |  23 |  731.1 |
       Dungeon |  10452 |   9399 |   1053 |     25 |   7101 |  14 |  746.6 |
        Temple |    160 |    131 |     29 |      0 |    121 |   1 |  160.0 |
          Lair |   4772 |   4534 |    238 |     18 |   3490 |   5 |  954.4 |
  Orcish Mines |   1214 |   1134 |     80 |      0 |    713 |   2 |  607.0 |
       Ossuary |    216 |    216 |      0 |      0 |     83 |   1 |  216.0 |
               +--------+--------+--------+--------+--------+-----+--------+

Top non-repeatable levels by time:
  Lair:5: 1156 daAuts
  Lair:3: 1119 daAuts
     D:7: 1116 daAuts
     D:3: 1050 daAuts
    D:13: 975 daAuts
  Lair:4: 967 daAuts
     D:1: 967 daAuts
    D:11: 950 daAuts
  Lair:1: 790 daAuts
     D:9: 781 daAuts
    D:12: 778 daAuts
     D:6: 755 daAuts
  Lair:2: 738 daAuts
     D:5: 705 daAuts
   Orc:1: 656 daAuts
